AoeStats
← Baggi

Migration

510187037Analyzed
1v1 RM · 2d ago on Sep 29, 2026· 20m 14s· 2 players
Game mode
Random Map
Map size
132×132
Population
200
Speed
Normal
Resources
Standard
Victory
Conquest
Starting age
Dark Age
Ending age
Imperial Age
RankedLock teamsTeams togetherTeam positionsShared explorationLock speedFull tech treeHidden civsTurbo modeCheats
Victory
Defeat
🇧🇷 Franks · Brazil
1005
+16
🇦🇷 Saracens · Argentina
1003
-16
adrianjacquet22
11:22 Feudal Age
12:37 Double-Bit Axe
13:03 Loom
16:24 Bloodlines
16:38 Forging
16:33 Scale Barding Armor
20:51 Wheelbarrow
Baggi
10:59 Loom
13:10 Feudal Age
16:23 Wheelbarrow
15:50 Double-Bit Axe
19:02 Castle Age
18:43 Scale Mail Armor
20:36 Scale Barding Armor
Connection lost

Rejoining the realm…

Still unreachable

The connection could not be restored.

Session expired

The server has moved on; the page needs a fresh start.